 Dungeon Crawl Stone Soup version 0.21.1-1-g345015f (webtiles) character file.

115 Fang the Chopper (level 5, 0/33 HPs)
             Began as a Gargoyle Berserker on May 3, 2018.
             Was a Believer of Trog.
             Slain by an adder (4 damage)
             ... on level 2 of the Dungeon.
             The game lasted 00:02:02 (2253 turns).

Fang the Chopper (Gargoyle Berserker)               Turns: 2253, Time: 00:02:03

Health: 0/33       AC:  6    Str: 22    XL:     5   Next: 0%
Magic:  5/5        EV: 12    Int:  7    God:    Trog [**....]
Gold:   100        SH:  0    Dex:  9    Spells: 4/4 levels left

rFire    . . .     SeeInvis .   a - +0 hand axe
rCold    . . .     Gourm    .   (no shield)
rNeg     + . .     Faith    .   b - +0 animal skin
rPois    ∞         Spirit   .   (no helmet)
rElec    +         Reflect  .   (no cloak)
rCorr    .         Harm     .   (no gloves)
MR       .....                  (no boots)
Stlth    +.........             (no amulet)
HPRegen  0.11/turn              (no ring)
MPRegen  0.09/turn              (no ring)

@: no status effects
A: negative energy resistance 1, electricity resistance, unbreathing,
petrification resistance, rot immunity, AC +4
a: Berserk, Trog's Hand, Burn Spellbooks, Renounce Religion


You were on level 2 of the Dungeon.
You worshipped Trog.
Trog was pleased with you.
You were not hungry.

You visited 1 branch of the dungeon, and saw 2 of its levels.

You collected 100 gold pieces.

Inventory:

Hand Weapons
 a - a +0 hand axe (weapon)
Missiles
 g - 4 tomahawks of returning (quivered)
 k - 2 poisoned javelins
Armour
 b - a +0 animal skin (worn)
Jewellery
 l - an uncursed ring of positive energy {unknown}
Scrolls
 d - a scroll of amnesia {unknown}
 e - a scroll of teleportation {unknown}
 f - 5 scrolls of magic mapping {unknown}
 h - 2 scrolls of remove curse {unknown}
 j - 2 scrolls of enchant armour {unknown}
 m - a scroll of identify {unknown}
Potions
 i - 2 potions of ambrosia {unknown}
Comestibles
 c - 4 rations


   Skills:
 + Level 3.9 Fighting
 + Level 4.0 Axes
 + Level 2.3 Armour
 + Level 2.2 Dodging
 + Level 1.2 Stealth


You had 4 spell levels left.
You didn't know any spells.

Dungeon Overview and Level Annotations

Branches:
Dungeon (2/15)

Altars:


Innate Abilities, Weirdness & Mutations

You are resistant to torment.
Your stone body is resilient. (AC +4)
You are immune to poison.
You resist negative energy. (rN+)
You are resistant to electric shocks. (rElec)
You can survive without breathing.
You are immune to petrification.
You are immune to rotting.


Message History

The adder completely misses you. The adder barely misses you.
You hit the adder but do no damage.
The adder is moderately wounded.
The adder bites you but does no damage.
You closely miss the adder.
The adder is moderately wounded.
The adder bites you.
* * * LOW HITPOINT WARNING * * *
The adder bites you but does no damage.
You hit the adder but do no damage.
The adder is moderately wounded.
The adder bites you.
* * * LOW HITPOINT WARNING * * *
You closely miss the adder.
The adder is moderately wounded.
The adder bites you but does no damage.
You hit the adder.
The adder is almost dead.
The adder bites you.
You die...

.........+.#..#.
#....(.)#.#..#.
#...#.#.... #.#.#.##.#.
#########.#.#.##.#.
..........#.#)##†#.
####............#.
#.#######......##.####.
#>...S@$...............
........##......##.####.
........##########.####.
........+ .......
........# .......
........# #######
#################### #
#...<..#...### #
#......+.....###


You could see an adder.

Vanquished Creatures
  Jessica (D:2)
  Terence (D:2)
  Robin (D:2)
  An adder (D:2)
  2 worms (D:2)
  A dart slug (D:1)
  2 giant cockroaches
  4 goblins (D:2)
  5 hobgoblins (D:2)
  4 kobolds
  3 bats (D:1)
  14 frilled lizards
  5 rats
44 creatures vanquished.

Notes
Turn   | Place    | Note
-------+----------+-------------------------------------------
     0 | D:1      | Fang the Gargoyle Berserker began the quest for the Orb.
     0 | D:1      | Reached XP level 1. HP: 14/14 MP: 1/1
   128 | D:1      | Reached XP level 2. HP: 13/19 MP: 2/2
   138 | D:1      | Reached skill level 3 in Axes
  1299 | D:2      | Reached ** piety under Trog
  1299 | D:2      | Reached XP level 3. HP: 5/23 MP: 3/3
  1552 | D:2      | Noticed Robin
  1563 | D:2      | Killed Robin
  1563 | D:2      | Reached skill level 1 in Stealth
  1743 | D:2      | Noticed Jessica
  1748 | D:2      | Killed Jessica
  1748 | D:2      | Reached XP level 4. HP: 24/29 MP: 4/4
  1956 | D:2      | Noticed Terence
  1973 | D:2      | Killed Terence
  1973 | D:2      | Reached skill level 4 in Axes
  2229 | D:2      | Reached XP level 5. HP: 25/33 MP: 5/5
  2253 | D:2      | Slain by an adder

Skill      XL: |  1  2  3  4 |
---------------+-------------+-----
Axes           | 3 4 |  4.0
Dodging        | 2 |  2.2
Stealth        | 1 |  1.2
Fighting       | |  3.9
Armour         | |  2.3

Action                   |  1- 3 |  4- 6 || total
-------------------------+-------+-------++-------
Melee: Hand axe          |   102 |    63 ||   165
Invok: Berserk           |     2 |     2 ||     4
 Stab: Sleeping          |     1 |       ||     1
  Eat: Chunk             |     5 |     3 ||     8
Armor: Animal skin       |    39 |    22 ||    61
Dodge: Dodged            |    83 |    32 ||   115
